 Dungeon Crawl Stone Soup version 0.26-a0-474-gfaca0e1de5 (webtiles) character file.

Game seed: 2669021049741262985

6843 KristoblXynda the Covert (level 10, -10/72 HPs)
             Began as a Vampire Brigand on July 31, 2020.
             Was a Follower of Ashenzari.
             Mangled by a komodo dragon (26 damage)
             ... on level 11 of the Dungeon.
             The game lasted 00:27:10 (12937 turns).

KristoblXynda the Covert (Vampire Brigand)         Turns: 12937, Time: 00:27:11

Health: -10/72     AC: 17    Str: 10    XL:     10   Next: 78%
Magic:  10/10      EV: 15    Int: 12    God:    Ashenzari [*.....]
Gold:   81         SH:  0    Dex: 16    Spells: 5/9 levels left

rFire    . . .     SeeInvis +   a - +3 dagger
rCold    . . .     Faith    .   C - +0 buckler
rNeg     . . .     Spirit   .   d - +0 ring mail (curse)
rPois    +         Reflect  .   q - +0 helmet
rElec    .         Harm     .   o - +2 cloak {rCorr} (curse)
rCorr    +                      m - +2 pair of gloves {archery} (curse)
MR       +++..                  D - +2 pair of boots
Stlth    ..........             y - amulet of the acrobat (curse)
HPRegen  0.42/turn              h - ring of protection from magic
MPRegen  0.12/turn              c - ring "Gosinuygh" {+Inv rPois MR+ Int-5 Stlth-}

@: confused, very slightly contaminated, regenerating quickly, invisible
A: fangs 3, see invisible, unbreathing
a: Exsanguinate, Curse Item, Scrying, Renounce Religion


You were on level 11 of the Dungeon.
You worshipped Ashenzari.
Ashenzari was aware of your devotion.
You visited 2 branches of the dungeon, and saw 12 of its levels.
You also visited: Ossuary.

You collected 543 gold pieces.
You spent 462 gold pieces at shops.

Inventory:

Hand Weapons
 a - a +3 dagger (weapon)
 i - a +2 dagger of protection
Armour
 d - a cursed +0 ring mail (worn)
 m - a cursed +2 pair of gloves of archery (worn)
 o - a cursed +2 cloak of preservation (worn)
 q - a +0 helmet (worn)
 C - a +0 buckler (worn)
 D - a +2 pair of boots (worn)
 E - the -5 kite shield of Foolhardiness {rPois MR+ Int-4}
   (You found it on level 5 of the Dungeon)

   It affects your intelligence (-4).
   It protects you from poison.
   It affects your resistance to hostile enchantments.
Jewellery
 b - an uncursed ring of positive energy
 c - the ring "Gosinuygh" (right hand) {+Inv rPois MR+ Int-5 Stlth-}
   (You found it on level 11 of the Dungeon)

   [ring of attention]

   It affects your intelligence (-5).
   It protects you from poison.
   It affects your resistance to hostile enchantments.
   It lets you turn invisible.
   It makes you less stealthy.
 f - an uncursed ring of wizardry
 h - a ring of protection from magic (left hand)
 n - an uncursed ring of magical power
 w - an uncursed ring of poison resistance
 y - a cursed amulet of the acrobat (around neck)
Wands
 A - a wand of digging (4)
Scrolls
 e - 3 scrolls of identify
 j - 2 scrolls of magic mapping
 k - 2 scrolls of amnesia
 l - a scroll of enchant weapon
 u - a scroll of remove curse
 x - a scroll of immolation
 B - 3 scrolls of enchant armour
Potions
 g - a potion of magic {unknown}
 p - a potion of curing
 r - a potion of might {unknown}
 s - 3 potions of cancellation
 t - 5 potions of brilliance
 v - 3 potions of haste
 z - a potion of flight
 G - 2 potions of ambrosia
 I - a potion of resistance {unknown}


   Skills:
 - Level 4.3 Fighting
 - Level 8.0 Short Blades
 - Level 1.5 Throwing
 - Level 5.0 Armour
 + Level 8.9 Dodging
 - Level 10.1 Stealth
 - Level 4.0 Shields
 - Level 2.4 Transmutations
 * Level 6.1 Evocations


You had 5 spell levels left.
You knew the following spells:

 Your Spells              Type           Power        Failure   Level
a - Petrify               Tmut/Erth      #.......     99%         4

Your spell library contained the following spells:

 Spells                   Type           Power        Failure   Level
 Magic Dart               Conj           #...         61%         1
 Searing Ray              Conj           #.....       75%         2
 Confusing Touch          Hex            #.......     93%         3
 Dazzling Flash           Conj/Hex       #.....       93%         3
 Gell's Gravitas          Tloc           #.........   93%         3
 Fulminant Prism          Conj/Hex       #.........   100%        4
 Iskenderun's Mystic Bla  Conj/Tloc      #.......     100%        4
 Metabolic Englaciation   Hex/Ice        #.........   100%        5
 Yara's Violent Unravell  Hex/Tmut       #.........   100%        5


Dungeon Overview and Level Annotations

Branches:
Dungeon (11/15)            Temple (1/1) D:6            Lair (0/6) D:8
Ossuary (visited)
    Orc: D:9-12

Altars:
Ashenzari
Cheibriados
Dithmenos
Elyvilon
Fedhas
Gozag
Hepliaklqana
Kikubaaqudgha
Makhleb
Nemelex Xobeh
Okawaru
Qazlal
Ru
Sif Muna
Trog
Uskayaw
Vehumet
Wu Jian
Xom
Yredelemnul
Zin
The Shining One

Shops:
D:9 *   D:10 [

Annotations:
D:4 1 runed translucent door
D:11 3 runed translucent doors, P0WERM0DE's ghost, journeyman VSCK; hemabe71's ghost, journeyman HuAr


Innate Abilities, Weirdness & Mutations

Your natural rate of healing is unusually fast.
You have razor-sharp teeth.
You have supernaturally acute eyesight. (SInv)
You can survive without breathing.


Message History

* * * LOW HITPOINT WARNING * * *
The orc warrior closely misses you.
You are confused.
You feel invigorated.
The komodo dragon hisses angrily.
The unseen horror hits you.
* * * LOW HITPOINT WARNING * * *
The unseen horror hits you but does no damage.
The komodo dragon closely misses you.
You bump into the rock wall.
The komodo dragon hisses angrily.
The unseen horror closely misses you.
The orc wizard points at the komodo dragon and mumbles some strange words.
The magic dart hits the orc wizard.
The komodo dragon bites you but does no damage.
You're too confused to move!
The orc wizard shouts!
The unseen horror hits you but does no damage. x2
The komodo dragon bites you!!
You die...

##'##### #.###
#...# ###.#
###.#####
#.......#
#.......#
#.......####
#...).ool@.#
#.....o.##x#
#.......##...
#.......######
##...)...#
#....#####
##>######
#oo.{...#
#..o....#


You could see a komodo dragon, an unseen horror (invisible), an orc warrior and
2 orc wizards.

Vanquished Creatures
  Maurice (D:8)
  A centaur skeleton (D:11)
  A guardian serpent (D:8)
  A hippogriff (D:9)
  Sigmund (D:3)
  3 wyverns
  4 yaks
  A warg (D:10)
  An ice beast (D:10)
  4 orc warriors
  2 sky beasts
  4 ogres
  3 centaurs (D:7)
  4 big kobolds
  A crocodile (D:10)
  5 bullfrogs
  3 water moccasin zombies (Ossuary)
  2 gnoll sergeants
  6 scorpions
  9 killer bees
  2 electric eels (D:3)
  A bullfrog zombie (D:7)
  8 orc priests
  3 jellies
  13 orc wizards
  2 hounds
  Jessica (D:3)
  Ijyb (D:3)
  Terence (D:3)
  4 iguanas
  2 worker ants
  A killer bee zombie (D:9)
  A big kobold zombie (Ossuary)
  A hound zombie (D:7)
  2 mummies (Ossuary)
  13 gnolls
  4 adders
  A shadow imp (D:9)
  A white imp (D:4)
  3 adder zombies (Ossuary)
  3 worms
  4 dart slugs (D:1)
  5 leopard geckos
  59 orcs
  2 ball pythons (D:2)
  6 bats
  4 giant cockroaches
  2 gnoll zombies (Ossuary)
  10 goblins
  10 hobgoblins
  5 jackals
  2 quokkas
  8 frilled lizards
  3 hobgoblin zombies (Ossuary)
  31 kobolds
  8 kobold zombies (Ossuary)
  A leopard gecko skeleton (D:6)
  A leopard gecko zombie (D:5)
  5 orc zombies (Ossuary)
  A quokka skeleton (D:8)
  6 rats
298 creatures vanquished.

Vanquished Creatures (others)
  17 plants (D:8)
17 creatures vanquished.

Grand Total: 315 creatures vanquished

Notes
Turn   | Place    | Note
-------+----------+-------------------------------------------
     0 | D:1      | KristoblXynda the Vampire Brigand began the quest for the
                  | Orb.
     0 | D:1      | Reached XP level 1. HP: 16/16 MP: 1/1
    29 | D:1      | Reached skill level 6 in Stealth
    83 | D:1      | Reached XP level 2. HP: 3/22 MP: 2/2
   453 | D:1      | Reached XP level 3. HP: 27/27 MP: 3/3
   839 | D:2      | Reached XP level 4. HP: 34/34 MP: 4/4
  1242 | D:3      | Noticed Sigmund
  1246 | D:3      | Killed Sigmund
  1246 | D:3      | Reached skill level 7 in Stealth
  1246 | D:3      | Reached XP level 5. HP: 41/41 MP: 5/5
  1261 | D:3      | Noticed Jessica
  1261 | D:3      | Noticed Terence
  1292 | D:3      | Killed Terence
  1502 | D:3      | Found a transporter.
  1509 | D:3      | Found a transporter.
  1609 | D:3      | Reached XP level 6. HP: 47/47 MP: 6/6
  2042 | D:3      | Noticed Ijyb
  2055 | D:3      | Killed Ijyb
  2351 | D:3      | Killed Jessica
  2716 | D:3      | Reached skill level 8 in Stealth
  3127 | D:4      | Found a glowing silver altar of Zin.
  3127 | D:4      | Found a runed translucent door.
  3127 | D:4      | Noticed an angel
  3499 | D:5      | Entered Level 5 of the Dungeon
  3654 | D:5      | Reached XP level 7. HP: 53/53 MP: 7/7
  3698 | D:5      | Found a white marble altar of Elyvilon.
  4315 | D:5      | Got a smoking kite shield
  4394 | D:6      | Reached skill level 5 in Short Blades
  4395 | D:6      | Found a burning altar of Makhleb.
  4431 | D:6      | Reached skill level 9 in Stealth
  4724 | D:6      | Reached skill level 1 in Armour
  4724 | D:6      | Reached skill level 5 in Dodging
  4724 | D:6      | Reached XP level 8. HP: 39/60 MP: 8/8
  5069 | D:6      | Found a staircase to the Ecumenical Temple.
  5099 | Temple   | Entered the Ecumenical Temple
  5162 | Temple   | Became a worshipper of Ashenzari the Shackled
  5491 | D:6      | Found a sacrificial altar of Ru.
  5496 | D:6      | Found a bloodstained altar of Trog.
  5499 | D:6      | Found an ancient bone altar of Kikubaaqudgha.
  5617 | D:7      | Found a sand-covered staircase.
  5628 | Ossuary  | Entered an ossuary
  6140 | D:7      | Reached skill level 10 in Stealth
  6353 | D:7      | Reached skill level 1 in Evocations
  6499 | D:7      | Found a blossoming altar of Fedhas.
  6792 | D:7      | Found an ornate altar of the Wu Jian Council.
  6841 | D:7      | Reached XP level 9. HP: 65/65 MP: 9/9
  6932 | D:8      | Reached skill level 1 in Shields
  8130 | D:8      | Found a staircase to the Lair.
  8131 | D:8      | Noticed a komodo dragon
  8683 | D:8      | Noticed Maurice
  8976 | D:8      | Killed Maurice
  9164 | D:8      | Noticed a polar bear
  9164 | D:8      | a komodo dragon changed into a polar bear
  9166 | D:8      | Noticed a guardian serpent
  9166 | D:8      | a polar bear changed into a guardian serpent
  9181 | D:8      | Killed a guardian serpent
  9900 | D:9      | Reached XP level 10. HP: 39/72 MP: 10/10
 10181 | D:9      | Learned a level 4 spell: Petrify
 10326 | D:9      | Found Noesch's Demolitions Depot.
 10407 | D:10     | Entered Level 10 of the Dungeon
 10407 | D:10     | Reached * piety under Ashenzari
 10694 | D:10     | Reached skill level 1 in Transmutations
 11467 | D:10     | Found Esabbih's Armour Boutique.
 11474 | D:10     | Bought a +1 pair of gloves of archery for 231 gold pieces
 11474 | D:10     | Bought a +1 cloak of preservation for 231 gold pieces
 11824 | D:11     | Identified the ring "Gosinuygh" {+Inv rPois MR+ Int-5
                  | Stlth-}
 11831 | D:11     | Noticed a manticore
 12008 | D:11     | Found a runed translucent gate.
 12008 | D:11     | Found a runed translucent gate.
 12008 | D:11     | Found a runed translucent gate.
 12010 | D:11     | Noticed P0WERM0DE's ghost (journeyman VSCK)
 12011 | D:11     | Noticed hemabe71's ghost (journeyman HuAr)
 12044 | D:11     | Identified the cursed +0 spear "Killer Klown's Peril"
                  | {elec, Dex+7 Stlth+}
 12189 | D:10     | Reached skill level 5 in Armour
 12381 | D:11     | Reached skill level 5 in Evocations
 12892 | D:11     | Noticed an unseen horror
 12937 | D:11     | Mangled by a komodo dragon

Illustrated notes

Levels and vault maps discovered:
D:1:      scummos_arrival_forest, layout_loops_ring,
          hangedman_abyss_or_decor_lesser_grid, minmay_octomino_e4
D:2:      layout_rooms, hangedman_decor_lopped
D:3:      gammafunk_steamed_eel, layout_basic, moated_statue, uniq_sigmund,
          uniq_jessica, uniq_terence, uniq_ijyb
D:4:      layout_rooms, lemuel_angel_altar
D:5:      cheibrodos_thug_alley, layout_basic, roderic_serpentine_path,
          st_stairs_11, minivault_26, elyvilon_altar_3
D:6:      layout_loops_ring, grunt_temple_overflow_diamond,
          kennysheep_mini_moat, temple_statues
D:7:      layout_loops_ring, marbit_many_paths, overflow_temple_1_default,
          nicolae_ossuary_entry_plus
D:8:      layout_basic, david_lair_shrubbed, special_room [special_room_orc],
          uniq_maurice
D:9:      layout_rooms, nicolae_blasting_shop
D:10:     layout_irregular_city, serial_shops, shop
D:11:     layout_roguey, erik_orc_4, gammafunk_ghost_cemetery,
          bh_walls_and_bars, uniq_snorg
Temple:   nicolae_temple_elliptical

Skill      XL: |  1  2  3  4  5  6  7  8  9 10 |
---------------+-------------------------------+-----
Stealth        | 6 7 8 9 10 | 10.1
Fighting       | 2 3 4 |  4.3
Dodging        | 2 3 4 5 6 7 8 |  8.9
Short Blades   | 3 4 5 6 7 8 |  8.0
Armour         | 1 2 4 5 |  5.0
Evocations     | 1 3 6 |  6.1
Shields        | 3 4 |  4.0
Transmutations | 2 |  2.4
Throwing       | |  1.5

Action                   |  1- 3 |  4- 6 |  7- 9 | 10-12 || total
-------------------------+-------+-------+-------+-------++-------
Melee: Dagger            |   106 |   165 |   875 |   770 ||  1916
       Bite              |    15 |    15 |    88 |    92 ||   210
Throw: Dart              |       |    15 |     9 |       ||    24
Invok: Curse Item        |       |       |     1 |     2 ||     3
 Abil: Evoke Invisibilit |       |       |       |     2 ||     2
Evoke: Wand              |       |     3 |    31 |       ||    34
  Use: Scroll            |       |     8 |    15 |     2 ||    25
       Potion            |       |     1 |     6 |     8 ||    15
 Stab: Sleeping          |    14 |    16 |    26 |     2 ||    58
       Distracted        |       |     1 |     1 |       ||     2
       Invisible         |       |       |       |     2 ||     2
Armor: Robe              |    16 |    17 |    67 |       ||   100
       Ring mail         |       |       |    45 |   148 ||   193
       Skin              |       |       |    14 |       ||    14
Dodge: Dodged            |    55 |    71 |   444 |   379 ||   949
Block: Buckler           |       |       |    81 |   135 ||   216

Table legend: (Time is in decaauts)
 A = Elapsed time spent in this place.
 B = Non-inter-level travel time spent in this place.
 C = Inter-level travel time spent in this place.
 D = Time resting spent in this place.
 E = Time spent auto-exploring this place.
 F = Levels seen in this place.
 G = Mean time per level.
                   A        B        C        D        E       F      G
               +--------+--------+--------+--------+--------+-----+--------+
         Total |  12332 |  11709 |    623 |   3178 |   4844 |  13 |  948.6 |
       Dungeon |  11687 |  11107 |    580 |   2943 |   4746 |  11 | 1062.5 |
        Temple |    205 |    162 |     43 |      0 |     98 |   1 |  205.0 |
       Ossuary |    439 |    439 |      0 |    235 |      0 |   1 |  439.0 |
               +--------+--------+--------+--------+--------+-----+--------+

Top non-repeatable levels by time:
     D:8: 2055 daAuts
    D:10: 1611 daAuts
     D:3: 1371 daAuts
     D:7: 1203 daAuts
     D:6: 1018 daAuts
     D:9: 931 daAuts
     D:5: 837 daAuts
     D:1: 778 daAuts
     D:4: 679 daAuts
     D:2: 629 daAuts
    D:11: 569 daAuts
 Ossuary: 439 daAuts
  Temple: 205 daAuts
